 Dungeon Crawl Stone Soup version 0.19.4 (webtiles) character file.

84 dngmouse the Skirmisher (level 4, -14/44 HPs)
             Began as a Deep Dwarf Fighter on Feb 5, 2017.
             Demolished by an ogre
             ... wielding a +0 giant club
              (28 damage)
             ... on level 3 of the Dungeon.
             The game lasted 00:03:13 (885 turns).

dngmouse the Skirmisher (Deep Dwarf Fighter)         Turns: 885, Time: 00:03:15

Health: -14/44     AC:  5    Str: 20    XL:     4   Next: 23%
Magic:  4/4        EV:  8    Int:  8    God:
Gold:   50         SH:  9    Dex: 13    Spells: 0 memorised, 3 levels left

rFire  . . .     SeeInvis .     a - +0 war axe
rCold  + . .     Gourm    .     m - +0 ring mail {rC+}
rNeg   . . .     Faith    .     c - +0 shield
rPois  .         Spirit   .     (no helmet)
rElec  .         Reflect  .     (no cloak)
rCorr  .         Harm     .     (no gloves)
MR     .....                    (no boots)
Stlth  +.........               (no amulet)
                                (no ring)
                                (no ring)

@: non-regenerating
A: damage resistance, recharge devices, sense surroundings 1, slow regeneration
3
a: Device Recharging


You were on level 3 of the Dungeon.
You were not hungry.

You visited 1 branch of the dungeon, and saw 3 of its levels.

You collected 50 gold pieces.

Inventory:

Hand Weapons
 a - a +0 war axe (weapon)
Armour
 c - a +0 shield (worn)
 m - a +0 ring mail of cold resistance (worn)
Wands
 e - a wand of heal wounds (4/9)
Scrolls
 h - a scroll of teleportation {unknown}
 i - 2 scrolls of identify {unknown}
Potions
 d - a potion of might
 j - 2 potions of mutation {unknown}
 l - a potion of flight {unknown}
Comestibles
 f - a bread ration
 g - 5 chunks of flesh
 k - a beef jerky


   Skills:
 + Level 4.0 Fighting
 + Level 3.4 Axes
 - Level 3.2 Armour
 - Level 3.2 Shields


You had 3 spell levels left.
You didn't know any spells.

Dungeon Overview and Level Annotations

Branches:
Dungeon (3/15)

Altars:
Cheibriados
Sif Muna
Yredelemnul
The Shining One


Innate Abilities, Weirdness & Mutations

You are resistant to damage.
You can recharge devices by infusing magical energy.
You passively map a small area around you.
You do not regenerate.


Message History

You closely miss the adder.
The adder is severely wounded.
You block the adder's attack. x2
You closely miss the adder.
The adder is severely wounded.
The adder barely misses you. You block the adder's attack.
You barely miss the adder.
The adder is severely wounded.
You block the adder's attack. The adder bites you but does no damage.
You hit the adder.
You kill the adder!
Your Fighting skill increases to level 4!
No target in view!
You climb downwards.
You block the bat's attack. The ogre hits you with a giant club!!
There is a stone staircase leading up, spattered with blood here.
You block the bat's attack.
The goblin shoots a stone.
The stone barely misses you. The ogre hits you with a giant club!!
Ouch! That really hurt!
You die...

, , * *, , *
* * , , , ,,
*, , ,
#####+####,
, .........#
, *
,......b.O#
........@#,*
.........# *
.........#,
*
.......###,
,, .......
.....[.* *
.g.....
.......
.......


You could see an ogre, a goblin and a bat.

Vanquished Creatures
  3 adders (D:2)
  An ooze (D:1)
  2 dart slugs (D:1)
  4 leopard geckos
  3 giant cockroaches (D:1)
  4 goblins (D:1)
  8 hobgoblins
  5 jackals
  4 bats
  4 frilled lizards
  3 kobolds (D:1)
  3 rats
44 creatures vanquished.

Notes
Turn   | Place    | Note
-------+----------+-------------------------------------------
     0 | D:1      | dngmouse the Deep Dwarf Fighter began the quest for the Orb.
     0 | D:1      | Reached XP level 1. HP: 20/20 MP: 1/1
    25 | D:1      | Reached XP level 2. HP: 21/27 MP: 2/2
    49 | D:1      | Reached skill level 3 in Fighting
   237 | D:1      | Reached XP level 3. HP: 16/34 MP: 3/3
   469 | D:2      | Found a snail-covered altar of Cheibriados.
   503 | D:2      | Found a basalt altar of Yredelemnul.
   550 | D:2      | Reached XP level 4. HP: 32/44 MP: 4/4
   624 | D:2      | Found a deep blue altar of Sif Muna.
   625 | D:2      | Found a glowing golden altar of the Shining One.
   740 | D:2      | Found a deep blue altar of Sif Muna.
   870 | D:3      | Noticed an ogre
   882 | D:2      | Reached skill level 4 in Fighting
   885 | D:3      | Demolished by an ogre

Skill      XL: |  1  2  3  4 |
---------------+-------------+-----
Fighting       | 3 4 |  4.0
Axes           | 3 |  3.4
Armour         | |  3.2
Shields        | |  3.2

Action                   |  1- 3 |  4- 6 || total
-------------------------+-------+-------++-------
Melee: War axe           |   104 |    14 ||   118
Evoke: Wand              |     1 |       ||     1
Armor: Scale mail        |    41 |     1 ||    42
       Ring mail         |       |     5 ||     5
Dodge: Dodged            |    37 |     7 ||    44
Block: Shield            |    59 |    14 ||    73
